 Dungeon Crawl Stone Soup version 0.30.1-11-g7821555f0a (webtiles) character file.

Game seed: 13842031022691494174

99 anacleto the Sneak (level 4, 21/21 HPs)
             Began as a Spriggan Conjurer on Dec 10, 2023.
             Quit the game on level 3 of the Dungeon.
             The game lasted 00:06:26 (2577 turns).

anacleto the Sneak (Spriggan Conjurer)              Turns: 2577, Time: 00:06:26

Health: 21/21      AC:  2    Str:  3    XL:     4   Next: 45%
Magic:  10/10      EV: 17    Int: 21    God:
Gold:   193        SH:  0    Dex: 13    Spells: 3/10 levels left

rFire   . . .        a - +2 dagger (venom)
rCold   . . .        (no shield)
rNeg    . . .        g - +0 robe
rPois   +            (helmet restricted)
rElec   .            (no cloak)
rCorr   .            (gloves unavailable)
SInv    +            (boots unavailable)
Will    .....        (no amulet)
Stlth   +++          o - ring of poison resistance
HPRegen 0.23/turn    (no ring)
MPRegen 0.12/turn

%: no passive effects
@: very quick
A: very small, no large weapons, unfitting armour, see invisible, speed 3
a: no special abilities


You were on level 3 of the Dungeon.
You visited 1 branch of the dungeon, and saw 3 of its levels.

You collected 193 gold pieces.

Inventory:

Hand Weapons
 a - a +2 dagger of venom (weapon)
 c - a +0 dagger
Missiles
 e - 18 stones
 p - 2 throwing nets
Armour
 g - a +0 robe (worn)
Jewellery
 o - a ring of poison resistance (left hand)
Scrolls
 f - a scroll of teleportation {unknown}
 h - a scroll of fear {unknown}
 k - a scroll of noise {unknown}
 m - a scroll of vulnerability {unknown}
 n - a scroll of amnesia {unknown}
 q - a scroll of silence {unknown}
Potions
 b - a potion of magic
 d - a potion of cancellation {unknown}
 i - a potion of flight {unknown}
 j - a potion of curing {unknown}
 l - a potion of haste {unknown}


   Skills:
 - Level 3.8 Dodging
 - Level 4.4 Stealth
 + Level 3.7 Spellcasting
 + Level 3.4 Conjurations
 + Level 0.0 Hexes


You had 3 spell levels left.
You knew the following spells:

 Your Spells              Type           Power      Damage    Failure   Level
a - Magic Dart            Conj           72%        1d6       3%          1
b - Searing Ray           Conj           36%        2d5       4%          2
c - Fulminant Prism       Conj/Hex       5%         3d7       52%         4

Your spell library contained the following spells:

 Spells                   Type           Power      Damage    Failure   Level
 Necrotise                Necr           12%        1d4       12%         1
 Dazzling Flash           Conj/Hex       22%        N/A       19%         3
 Vampiric Draining        Necr           3%         2d6       36%         3
 Iskenderun's Mystic Bla  Conj/Tloc      11%        2d4       52%         4
 Agony                    Necr           3%         N/A       98%         5


Dungeon Overview and Level Annotations

Branches:
Dungeon (3/15)

Altars:
Sif Muna
Trog


Innate Abilities, Weirdness & Mutations

You are very small and have problems with some larger weapons.
You are too small for most types of armour.
You have supernaturally acute eyesight. (SInv)
You cover ground extremely quickly. (Speed+++)


Message History

Press: ? - help, Q - select action, (/) - cycle Shift-Dir - straight line, f/p - goblin
Aim: a goblin, wielding a +0 dagger (moderately wounded, 100% to hit)
The magic dart hits the goblin.
You kill the goblin!
There is a stone staircase leading up here.
A frilled lizard comes into view.
Aiming: Magic Dart (safe; 3% risk of failure)
Press: ? - help, Q - select action, (/) - cycle Shift-Dir - straight line, f - frilled lizard
Aim: a frilled lizard (asleep, 100% to hit)
The magic dart hits the frilled lizard.
You kill the frilled lizard!
Aiming: Magic Dart (safe; 3% risk of failure)
Press: ? - help, Q - select action, (/) - cycle Shift-Dir - straight line, f - you That beam is likely to hit you.
Continue anyway?
Okay, then.
You now have 182 gold pieces (gained 10).
You now have 193 gold pieces (gained 11).
q - a scroll labelled JEYTHE XEOSU
Found a bloodstained altar of Trog.
Found a pair of gloves.
Found a stone staircase leading down.
You see here a +0 pair of gloves.
There is a stone staircase leading down here.
An ice beast comes into view.
Aiming: Magic Dart (safe; 3% risk of failure)
Press: ? - help, Q - select action, (/) - cycle Shift-Dir - straight line, f - ice beast
Aim: an ice beast (100% to hit)
The magic dart hits the ice beast.
The ice beast is lightly wounded.
Casting: Magic Dart (safe; 3% risk of failure)
Confirm with . or Enter, or press ? or * to list all spells.
The spell is astonishingly dangerous to miscast (52% risk of failure)!
Continue anyway? [Y]es or [N]o only, please.
The spell is astonishingly dangerous to miscast (52% risk of failure)!
Continue anyway?
Okay, then.
Unknown command.
There is a stone staircase leading down here.
You see here a +0 pair of gloves.
Okay, then.
An ice beast is nearby!
Are you sure you want to abandon this character and quit the game? (Confirm with "yes".)

#.#.$.## ≈.≈ #.#.#
#..!Y..# #.# ##..#
#..#..##.# ##.#
#..#.##..## ##..#
######..#.##.#.###.#.#
.........#.##....#....#
########.#.######.#####
.$.####Y#.######.#
#.......>[..@...#
#################


You could see an ice beast.

Vanquished Creatures
  4 adders (D:2)
  A gnoll (D:3)
  An orc (D:3)
  3 ball pythons (D:1)
  3 endoplasms
  A giant cockroach (D:3)
  7 goblins
  6 hobgoblins
  4 jackals (D:2)
  9 kobolds
  2 quokkas
  A bat (D:2)
  8 frilled lizards
  A rat (D:3)
51 creatures vanquished.

Notes
Turn   | Place    | Note
-------+----------+-------------------------------------------
     0 | D:1      | anacleto the Spriggan Conjurer began the quest for the Orb.
     0 | D:1      | Reached XP level 1. HP: 9/9 MP: 5/5
   362 | D:1      | Reached XP level 2. HP: 13/13 MP: 3/6
   393 | D:1      | Learned a level 2 spell: Searing Ray
  1262 | D:2      | Reached XP level 3. HP: 12/16 MP: 3/8
  1532 | D:2      | Reached skill level 4 in Stealth
  1793 | D:2      | Reached XP level 4. HP: 21/21 MP: 6/10
  1842 | D:2      | Found a shimmering blue altar of Sif Muna.
  1848 | D:2      | Learned a level 4 spell: Fulminant Prism
  2012 | D:2      | Found a faded altar of an unknown god.
  2539 | D:3      | Found a bloodstained altar of Trog.
  2559 | D:3      | Noticed an ice beast
  2577 | D:3      | Quit the game

Illustrated notes

Levels and vault maps discovered:
D:1:      saegor_arrival_simple_a, layout_loops_ring
D:2:      layout_rooms, basic_altar,
          dreamdust_ecumenical_altar_hidden_monk_grotto,
          chequers_serial_rivers_micro_e
D:3:      layout_loops_ring, trog_hazing_becter, tso_metal_star, serial_shops,
          nicolae_shop_stone, mrwooster_statue_mirror, minmay_close_crescents

Skill      XL: |  1  2  3 |
---------------+----------+-----
Conjurations   | 3 |  3.4
Dodging        | 3 |  3.8
Spellcasting   | 3 |  3.7
Stealth        | 4 |  4.4

Action                     |  1- 3 |  4- 6 || total
---------------------------+-------+-------++-------
  Melee: Dagger            |    21 |     2 ||    23
         Punch             |     1 |       ||     1
   Cast: Magic Dart        |    67 |    27 ||    94
   Stab: Sleeping          |     2 |       ||     2
 Armour: Robe              |     2 |       ||     2
  Dodge: Dodged            |    16 |     3 ||    19
